 Dungeon Crawl Stone Soup version 0.30.0-5-g1a98f26d00 (webtiles) character file.

Game seed: 14349801135845322549

770 jasper the Ruffian (level 7, -4/70 HPs)
             Began as a Troll Cinder Acolyte on May 8, 2023.
             Was a High Priest of Ignis.
             Slain by Menkaure (13 damage)
             ... on level 4 of the Dungeon.
             The game lasted 00:04:05 (2060 turns).

jasper the Ruffian (Troll Cinder Acolyte)           Turns: 2060, Time: 00:04:05

Health: -4/70      AC: 11    Str: 25    XL:     7   Next: 52%
Magic:  7/7        EV:  9    Int: 10    God:    Ignis [*****.]
Gold:   190        SH:  0    Dex:  5    Spells: 8/8 levels left

rFire   + .          .
                       - Unarmed
rCold   . . .        (no shield)
rNeg    . . .        a - +0 robe
rPois   .            (helmet restricted)
rElec   .            (no cloak)
rCorr   .            (gloves unavailable)
SInv    .            (boots unavailable)
Will    +....        u - amulet of the acrobat
Stlth   +            h - ring of willpower
HPRegen 1.11/turn    (no ring)
MPRegen 0.10/turn

%: acrobat
@: fiery-armoured
A: large, unfitting armour, claws 3, regeneration 1, shaggy fur 1, tough skin 1
a: Renounce Religion, Fiery Armour, Foxfire Swarm, Rising Flame


You were on level 4 of the Dungeon.
You worshipped Ignis.
Ignis was extremely pleased with you.
You visited 1 branch of the dungeon, and saw 4 of its levels.

You collected 190 gold pieces.

Inventory:

Missiles
 k - 10 poisoned darts (quivered)
Armour
 a - a +0 robe (worn)
Jewellery
 h - a ring of willpower (left claw)
 u - an amulet of the acrobat (around neck)
Wands
 t - a wand of iceblast (10)
Scrolls
 b - 2 scrolls of identify {unknown}
 d - a scroll of amnesia {unknown}
 e - 2 scrolls of noise {unknown}
 f - a scroll of fear {unknown}
 i - a scroll of butterflies {unknown}
 l - a scroll of enchant armour {unknown}
 p - a scroll of teleportation {unknown}
 q - a scroll of blinking {unknown}
Potions
 c - 2 potions of brilliance
 g - a potion of resistance {unknown}
 j - 2 potions of curing {unknown}
 m - a potion of degeneration {unknown}
 n - a potion of lignification {unknown}
 o - a potion of mutation {unknown}
 r - 2 potions of ambrosia {unknown}
 s - a potion of might {unknown}


   Skills:
 + Level 4.2 Fighting
 + Level 3.3 Throwing
 - Level 0.5 Dodging
 * Level 6.6 Unarmed Combat
 - Level 1.0 Spellcasting
 - Level 2.1 Fire Magic


You had 8 spell levels left.
You didn't know any spells.
Your spell library contained the following spells:

 Spells                   Type           Power      Damage    Failure   Level
 Scorch                   Fire           8%         2d5       22%         2
 Beastly Appendage        Tmut           0%         N/A       34%         1
 Wereblood                Tmut           0%         N/A       45%         2
 Spider Form              Tmut/Pois      0%         N/A       71%         3


Dungeon Overview and Level Annotations

Branches:
Dungeon (4/15)
 Temple: D:4-7

Altars:

Annotations:
D:4 Menkaure


Innate Abilities, Weirdness & Mutations

You are too large for most types of armour.
You have claws for hands.
Your natural rate of healing is unusually fast.
You are covered in fur. (AC +1)
You have tough skin. (AC +1)


Message History

Dowan is almost dead.
You take 23 damage, and have 17/70 hp.
MASSIVE DAMAGE!!
You miss Dowan.
Dowan is almost dead.
Dowan casts a spell at you. The stone arrow hits you!
* * * LOW HITPOINT WARNING * * *
You hear a shout!
You take 7 damage, and have 10/70 hp.
You scratch Dowan.
You kill Dowan!
Menkaure, Prince of Dust comes into view.
Menkaure shouts!
Menkaure calls on the powers of darkness!
Your body is wracked with pain!
* * * LOW HITPOINT WARNING * * *
There is an open door, spattered with blood here.
Things that are here:
a +0 dagger; a +0 robe; the elf corpse of Dowan You take 3 damage, and have 8/70 hp.
Things that are here:
a +0 short sword; a +0 leather armour; the elf corpse of Duvessa You close the door, pushing everything out of the way.
Items here: ) [[ ††.
Menkaure opens the door.
Menkaure casts a spell at you. You resist with some effort.
There is an open door, spattered with blood here.
You scratch Menkaure.
Menkaure is lightly damaged.
You claw Menkaure!
Menkaure is moderately damaged.
Menkaure calls on the powers of darkness!
Your body is wracked with pain!
* * * LOW HITPOINT WARNING * * *
You take 4 damage, and have 8/70 hp.
You scratch Menkaure but do no damage.
Menkaure is moderately damaged.
Menkaure hits you!
You die...

...... ####### #......
#.....# ....... #...<.#
....... #.....# .......
#.....# .......
#.....##########)..####
#.....##......[@.....$.
##......#.#######M...###
###.....#.# ....#
>.........# ....#
..#.....### ....#
..#.....# ....#
..#.....# .....
..#.....# ......
..#.....#


You could see Menkaure.

Vanquished Creatures
  Grinder (D:3)
  Sigmund (D:3)
  Duvessa (D:4)
  Dowan (D:4)
  2 orc priests (D:3)
  Jessica (D:3)
  Terence (D:3)
  An orc wizard (D:3)
  Robin (D:2)
  5 adders
  A worm (D:2)
  2 dart slugs
  5 orcs (D:3)
  7 ball pythons
  2 bats
  5 endoplasms
  5 giant cockroaches
  7 hobgoblins
  2 jackals (D:2)
  6 kobolds
  2 quokkas (D:2)
  7 frilled lizards
  12 goblins
  6 rats
84 creatures vanquished.

Notes
Turn   | Place    | Note
-------+----------+-------------------------------------------
     0 | D:1      | jasper the Troll Cinder Acolyte began the quest for the
                  | Orb.
     0 | D:1      | Reached XP level 1. HP: 22/22 MP: 1/1
   205 | D:1      | Reached XP level 2. HP: 29/29 MP: 2/2
   293 | D:1      | Found a faded altar of an unknown god.
   768 | D:2      | Reached XP level 3. HP: 36/36 MP: 3/3
  1098 | D:2      | Reached skill level 1 in Throwing
  1098 | D:2      | Reached skill level 4 in Unarmed Combat
  1132 | D:2      | Reached XP level 4. HP: 44/44 MP: 4/4
  1136 | D:2      | Noticed Robin
  1143 | D:2      | Killed Robin
  1450 | D:3      | Reached XP level 5. HP: 53/53 MP: 5/5
  1497 | D:3      | Noticed Terence
  1499 | D:3      | Noticed Jessica
  1509 | D:3      | Killed Terence
  1510 | D:3      | Reached skill level 5 in Unarmed Combat
  1534 | D:3      | Killed Jessica
  1637 | D:3      | Noticed Sigmund
  1647 | D:3      | Killed Sigmund
  1648 | D:3      | Reached XP level 6. HP: 62/62 MP: 6/6
  1810 | D:3      | Noticed Grinder
  1817 | D:3      | Killed Grinder
  1818 | D:3      | Reached skill level 6 in Unarmed Combat
  1818 | D:3      | Reached XP level 7. HP: 66/70 MP: 7/7
  2037 | D:4      | Noticed Duvessa
  2038 | D:4      | Noticed Dowan
  2046 | D:4      | Killed Duvessa
  2053 | D:4      | Killed Dowan
  2054 | D:4      | Noticed Menkaure
  2060 | D:4      | Slain by Menkaure

Illustrated notes

Levels and vault maps discovered:
D:1:      spicycebolla_arrival_xxxplode, layout_loops_ring,
          ebering_ecumenical_altar_webs
D:2:      layout_loops_ring, uniq_robin
D:3:      layout_basic, minmay_liquid_box, uniq_grinder, uniq_terence,
          uniq_sigmund, uniq_jessica
D:4:      layout_basic, grunt_dithmenos_smoke, zin_statuary, minmay_cupped,
          uniq_duvessa, uniq_menkaure

Skill      XL: |  1  2  3  4  5  6 |
---------------+-------------------+-----
Throwing       | 1 2 3 |  3.3
Unarmed Combat | 4 5 6 |  6.6
Fighting       | 3 4 |  4.2
Dodging        | |  0.5
Spellcasting   | |  1.0
Fire Magic     | |  2.1

Action                     |  1- 3 |  4- 6 |  7- 9 || total
---------------------------+-------+-------+-------++-------
  Melee: Unarmed           |    93 |   130 |    19 ||   242
         Punch             |     1 |     2 |       ||     3
  Throw: Stone             |     4 |       |       ||     4
         Dart              |       |    15 |       ||    15
 Invoke: Fiery Armour      |       |     2 |     1 ||     3
 Armour: Robe              |    22 |    35 |     7 ||    64
  Dodge: Dodged            |    35 |    50 |     6 ||    91
